 Dungeon Sprint DCSS version bcrawl-1.19.2-6-g6a88ae04c9 (webtiles) character file.

Game seed: 1757981988980069384

9569 Freyura the Bludgeoner (level 11, -2/108 HPs)
             Began as a Minotaur Fighter on Jan 9, 2020.
             Was a Priest of Ru.
             Slain by a stone giant (21 damage)
             ... in the Dungeon (Sprint IX: "|||||||||||||||||||||||||||||").
             The game lasted 00:07:07 (1160 turns).

Freyura the Bludgeoner (Minotaur Fighter)           Turns: 1160, Time: 00:07:08

Health: -2/108     AC: 25    Str: 25    XL:     11   Next: 24%
Magic:  10/10      EV: 15    Int:  5    God:    Ru [***...]
Gold:   0          SH: 14    Dex: 12    Spells: 10/10 levels left

rFire    . . .     SeeInvis .   o - +2 morningstar (crush)
rCold    . . .     Gourm    .   c - +0 shield
rNeg     . . .     Faith    .   r - +0 plate armour
rPois    .         Spirit   .   (helmet restricted)
rElec    .         Reflect  .   b - +2 cloak
rCorr    .         Harm     .   q - +2 pair of gloves
MR       .....     NoTele   +   p - +0 pair of boots
Stlth    ..........             (no amulet)
HPRegen  0.28/turn              s - +2 ring of evasion
MPRegen  0.12/turn              t - +3 ring of strength

@: no status effects
A: retaliatory headbutt, horns 2, no stealth, hated by all, no charms magic, no
fire magic, no hexes magic
a: Draw Out Power, Renounce Religion


You were in the Dungeon.
You worshipped Ru.
Ru was most pleased with you.
You were not hungry.

You visited 1 branch

Inventory:

Hand Weapons
 o - a +2 morningstar of crushing (weapon)
Armour
 b - a +2 cloak (worn)
 c - a +0 shield (worn)
 p - a +0 pair of boots (worn)
 q - a +2 pair of gloves (worn)
 r - a +0 plate armour (worn)
Jewellery
 s - a +2 ring of evasion (left hand)
 t - a +3 ring of strength (right hand)
Wands
 n - a wand of acid (10)
 w - a wand of disintegration (12)
Scrolls
 k - 2 scrolls of blinking
 l - 3 scrolls of remove curse
 m - 2 scrolls of amnesia
 u - a scroll of identify
 v - 3 scrolls of fear
Potions
 a - a potion of resistance
 d - a potion of invisibility
 e - 6 potions of curing
 g - a potion of heal wounds
 h - 3 potions of haste
 i - 4 potions of magic
 j - a potion of berserk rage
Comestibles
 f - 12 rations {!d}
 x - 6 chunks of flesh


   Skills:
 + Level 13.7 Fighting
 * Level 18.3 Maces & Flails
 + Level 13.7 Armour
 + Level 12.2 Dodging
 + Level 13.7 Shields
 + Level 0.3 Evocations


You had 10 spell levels left.
You didn't know any spells.
Your spell library was empty.

Dungeon Overview and Level Annotations

Branches:
Dungeon (1/1)

Altars:
Cheibriados
Dithmenos
Elyvilon
Fedhas
Gozag
Hepliaklqana
Kikubaaqudgha
Lugonu
Makhleb
Nemelex Xobeh
Okawaru
Qazlal
Ru
Sif Muna
Trog
Uskayaw
Vehumet
Wu Jian
Xom
Yredelemnul
Zin
The Shining One
Beogh
Jiyva


Innate Abilities, Weirdness & Mutations

You reflexively headbutt those who attack you in melee.
You have a pair of horns on your head.
You cannot be stealthy.
You are hated by all.
You cannot study or cast Charms magic.
You cannot study or cast Fire magic.
You cannot study or cast Hexes magic.


Message History

The stone giant is heavily wounded.
You block the stone giant's attack.
You puncture the stone giant!
The stone giant is heavily wounded.
The orc priest mumbles some strange prayers to Beogh against you.
Beogh smites you!
* * * LOW HITPOINT WARNING * * *
You hit the stone giant.
The stone giant is severely wounded.
You block the stone giant's attack.
You feel much better. The stone giant hits you!
You sock the stone giant!
You headbutt the stone giant, but do no damage.
The stone giant is severely wounded.
The orc priest calls down the wrath of Beogh upon you.
Beogh smites you!
* * * LOW HITPOINT WARNING * * *
You focus your will and blind the orc priest in retribution!
The stone giant hits you!!
You die...

▓▓▓▓▓▓▓▓▓▓▓▓▓▓▓▓▓▓▓▓▓▓▓▓
ooooo{C@))).............
▓▓▓▓▓▓▓▓▓▓▓▓▓▓▓▓▓▓▓▓▓▓▓▓▓▓▓▓▓▓▓▓.
.................................
▓▓▓▓▓▓▓▓▓▓▓▓▓▓▓▓▓▓▓▓▓▓▓▓▓▓▓▓▓▓▓▓▓
†'.........†.......(.....'.......
▓▓▓▓▓▓▓▓▓▓▓▓▓▓▓▓▓▓▓▓▓▓▓▓▓▓▓▓▓▓▓▓.
.................................
▓▓▓▓▓▓▓▓▓▓▓▓▓▓▓▓▓▓▓▓▓▓▓▓▓▓▓▓▓▓▓▓▓
________________'.....†.....)...<


You could see a stone giant, 2 orc priests and 3 orcs.

Vanquished Creatures
  A hydra (D)
  A death yak (D)
  6 lindwurms (D)
  4 cyclopes (D)
  A black mamba (D)
  3 cane toads (D)
  A torpor snail (D)
  2 tyrant leeches (D)
  A hippogriff (D)
  A wyvern (D)
  3 crocodiles (D)
  2 water moccasins (D)
  2 porcupines (D)
  An orc warrior (D)
  An ice beast (D)
  3 ogres (D)
  A wolf (D)
  3 bullfrogs (D)
  A killer bee (D)
  2 hounds (D)
  2 orc wizards (D)
  A worker ant (D)
  An adder (D)
  2 leopard geckos (D)
  2 orcs (D)
  A bat (D)
  2 hobgoblins (D)
  A quokka (D)
52 creatures vanquished.

Vanquished Creatures (others)
  A spatial maelstrom (D)
1 creature vanquished.

Grand Total: 53 creatures vanquished

Notes
Turn   | Place    | Note
-------+----------+-------------------------------------------
     0 | D        | Freyura the Minotaur Fighter began the quest for the Orb.
     0 | D        | Reached XP level 1. HP: 19/19 MP: 0/0
    10 | D        | Reached skill level 3 in Maces & Flails
    11 | D        | Banished a spatial maelstrom
    14 | D        | Reached skill level 1 in Dodging
    16 | D        | Reached XP level 2. HP: 19/27 MP: 1/1
    87 | D        | Noticed an ice beast
    99 | D        | Reached skill level 4 in Maces & Flails
   102 | D        | Reached skill level 5 in Maces & Flails
   102 | D        | Reached XP level 3. HP: 26/34 MP: 2/2
   111 | D        | Reached skill level 5 in Fighting
   111 | D        | Reached skill level 6 in Maces & Flails
   111 | D        | Reached skill level 5 in Armour
   111 | D        | Reached skill level 5 in Shields
   111 | D        | Reached XP level 4. HP: 32/42 MP: 3/3
   112 | D        | Killed an ice beast
   112 | D        | Reached skill level 7 in Maces & Flails
   112 | D        | Reached XP level 5. HP: 38/50 MP: 4/4
   119 | D        | Found a roughly hewn altar of Beogh.
   119 | D        | Found a snail-covered altar of Cheibriados.
   119 | D        | Found a shadowy altar of Dithmenos.
   119 | D        | Found a white marble altar of Elyvilon.
   119 | D        | Found a blossoming altar of Fedhas.
   119 | D        | Found an opulent altar of Gozag.
   120 | D        | Found a hazy altar of Hepliaklqana.
   121 | D        | Found a viscous altar of Jiyva.
   122 | D        | Found an ancient bone altar of Kikubaaqudgha.
   123 | D        | Found a corrupted altar of Lugonu.
   124 | D        | Found a burning altar of Makhleb.
   125 | D        | Found a sparkling altar of Nemelex Xobeh.
   126 | D        | Found an iron altar of Okawaru.
   127 | D        | Found a stormy altar of Qazlal.
   128 | D        | Found a sacrificial altar of Ru.
   129 | D        | Found a shimmering blue altar of Sif Muna.
   130 | D        | Found a bloodstained altar of Trog.
   131 | D        | Found a hide-covered altar of Uskayaw.
   132 | D        | Found a radiant altar of Vehumet.
   133 | D        | Found an ornate altar of the Wu Jian Council.
   134 | D        | Found a shimmering altar of Xom.
   135 | D        | Found a basalt altar of Yredelemnul.
   136 | D        | Found a glowing silver altar of Zin.
   137 | D        | Found a glowing golden altar of the Shining One.
   144 | D        | Became a worshipper of Ru the Awakened
   222 | D        | Noticed a hippogriff
   222 | D        | Noticed a cyclops
   222 | D        | Noticed an ogre
   222 | D        | Noticed a cyclops
   225 | D        | Killed a cyclops
   225 | D        | Reached skill level 10 in Maces & Flails
   225 | D        | Reached XP level 6. HP: 47/61 MP: 5/5
   225 | D        | Reached XP level 7. HP: 53/68 MP: 6/6
   232 | D        | Reached skill level 11 in Maces & Flails
   241 | D        | Killed a cyclops
   241 | D        | Reached skill level 12 in Maces & Flails
   241 | D        | Reached XP level 8. HP: 42/78 MP: 7/7
   248 | D        | Killed a hippogriff
   253 | D        | Reached skill level 10 in Shields
   257 | D        | Gained mutation: You cannot study or cast Fire magic. [Ru
                  | sacrifice]
   257 | D        | Gained mutation: You cannot study or cast Hexes magic. [Ru
                  | sacrifice]
   257 | D        | Gained mutation: You cannot study or cast Charms magic. [Ru
                  | sacrifice]
   257 | D        | Reached * piety under Ru
   409 | D        | Noticed a cyclops
   409 | D        | Noticed a cyclops
   412 | D        | Reached skill level 13 in Maces & Flails
   415 | D        | Reached skill level 10 in Fighting
   415 | D        | Reached skill level 10 in Armour
   422 | D        | Killed a cyclops
   422 | D        | Reached XP level 9. HP: 66/86 MP: 8/8
   427 | D        | Killed a cyclops
   427 | D        | Reached skill level 14 in Maces & Flails
   602 | D        | Noticed a cane toad
   602 | D        | Noticed a cane toad
   611 | D        | Killed a cane toad
   612 | D        | Killed a cane toad
   612 | D        | Reached skill level 15 in Maces & Flails
   622 | D        | Reached skill level 10 in Dodging
   633 | D        | Gained mutation: You are hated by all. [Ru sacrifice]
   633 | D        | Reached ** piety under Ru
   755 | D        | Noticed a torpor snail
   755 | D        | Noticed a black mamba
   755 | D        | Noticed a seven-headed hydra
   755 | D        | Noticed a cane toad
   763 | D        | Killed a seven-headed hydra
   763 | D        | Reached skill level 16 in Maces & Flails
   763 | D        | Reached XP level 10. HP: 61/97 MP: 9/9
   764 | D        | Noticed a death yak
   770 | D        | Killed a cane toad
   774 | D        | Killed a black mamba
   778 | D        | Killed a torpor snail
   783 | D        | Killed a death yak
   788 | D        | Reached skill level 17 in Maces & Flails
   792 | D        | Gained mutation: You cannot be stealthy. [Ru sacrifice]
   792 | D        | Reached *** piety under Ru
   895 | D        | Noticed a lindwurm
   895 | D        | Noticed a lindwurm
   895 | D        | Noticed a lindwurm
   895 | D        | Noticed a lindwurm
   902 | D        | Killed a lindwurm
   907 | D        | Killed a lindwurm
   911 | D        | Noticed a lindwurm
   913 | D        | Killed a lindwurm
   913 | D        | Reached XP level 11. HP: 78/107 MP: 10/10
   913 | D        | Noticed a lindwurm
   918 | D        | Killed a lindwurm
   942 | D        | Killed a lindwurm
   942 | D        | Reached skill level 18 in Maces & Flails
   945 | D        | Killed a lindwurm
  1136 | D        | Noticed a stone giant
  1160 | D        | Slain by a stone giant

Skill      XL: |  1  2  3  4  5  6  7  8  9 10 11 |
---------------+----------------------------------+-----
Maces & Flails | 3 5 6 7 10 12 13 16 17 18 | 18.3
Armour         | 4 5 6 8 9 10 12 13 | 13.7
Dodging        | 1 2 3 4 6 7 9 10 11 12 | 12.2
Fighting       | 4 5 6 8 9 10 12 13 | 13.7
Shields        | 4 5 6 8 9 10 12 13 | 13.7
Evocations     | |  0.3

Action                   |  1- 3 |  4- 6 |  7- 9 | 10-12 || total
-------------------------+-------+-------+-------+-------++-------
Melee: Flail             |    35 |     1 |       |       ||    36
       Headbutt          |     2 |     3 |    23 |    19 ||    47
       Morningstar       |       |     2 |    81 |    86 ||   169
Invok: Sacrifice Arcana  |       |       |     1 |       ||     1
       Sacrifice Love    |       |       |     1 |       ||     1
       Sacrifice Stealth |       |       |       |     1 ||     1
  Use: Potion            |     2 |       |       |     5 ||     7
       Scroll            |       |       |     4 |       ||     4
  Eat: Chunk             |       |       |       |     1 ||     1
Armor: Scale mail        |    14 |       |       |       ||    14
       Plate armour      |       |       |    33 |    19 ||    52
Dodge: Dodged            |     8 |     1 |    34 |    20 ||    63
Block: Shield            |    20 |       |    58 |    36 ||   114
